3R
BALLARD BEAVERS @ CANONNIERS DE QUEBEC
07/28/2041
 
TOP OF THE 1ST
Ballard Beavers batting - Pitching for Canonniers de Quebec : LHP Edgar Morales
Pitching: LHP Edgar Morales
Batting: RHB Eli Johnson 0-0: Foul Ball, location: 2F
0-1: Ball
1-1: Called Strike
1-2: Ball
2-2: DOUBLE (Line Drive, 8LXD, EV 107.5 MPH)
Batting: LHB Desi Liñares 0-0: Foul Ball, location: 2F
0-1: Called Strike
0-2: Strikes out swinging
Batting: RHB Sergio Estrada 0-0: Ground out 5-3 (Groundball, 56S, EV 86.2 MPH)
Batting: RHB Suk-jin Yi 0-0: Ball
1-0: Called Strike
1-1: Ball
2-1: Foul Ball, location: 2F
2-2: Foul Ball, location: 2F
2-2: Ball
3-2: Base on Balls
Batting: RHB Kevin Neal 0-0: Ball
1-0: Called Strike
1-1: Ball
2-1: Foul Ball, location: 2F
2-2: Fly out, F8 (Flyball, 8RD, EV 92.5 MPH)
Top of the 1st over - 0 runs, 1 hit, 0 errors, 2 left on base; Ballard 0 - Canonniers de Quebec 0
BOTTOM OF THE 1ST
Canonniers de Quebec batting - Pitching for Ballard Beavers : RHP Tom Simon
Pitching: RHP Tom Simon
Batting: SHB Russ King 0-0: Foul Ball, location: 2F
0-1: Called Strike
0-2: Ball
1-2: Foul Ball, location: 2F
1-2: Foul Ball, location: 2F
1-2: Foul Ball, location: 2F
1-2: Ball
2-2: Ball
3-2: Fly out, F9 (Line Drive, 9D, EV 88.8 MPH)
Batting: RHB Nick West 0-0: Foul Ball, location: 2F
0-1: Foul Ball, location: 2F
0-2: Ball
1-2: SINGLE (Line Drive, 8RS, EV 101.9 MPH)
Batting: LHB Román Ramos 0-0: Called Strike
0-1: Called Strike
0-2: Foul Ball, location: 2F
0-2: Ball
1-2: Ball
2-2: Foul Ball, location: 2F
2-2: Foul Ball, location: 2F
2-2: Ball
3-2: Grounds into double play, 6-4-3 (Groundball, 6, EV 82.5 MPH)
Bottom of the 1st over - 0 runs, 1 hit, 0 errors, 0 left on base; Ballard 0 - Canonniers de Quebec 0
TOP OF THE 2ND
Ballard Beavers batting - Pitching for Canonniers de Quebec : LHP Edgar Morales
Batting: RHB John Reed 0-0: Ball
1-0: Foul Ball, location: 2F
1-1: Ball
2-1: Swinging Strike
2-2: Ball
3-2: Foul Ball, location: 2F
3-2: Strikes out looking
Batting: LHB Hans Filemonsen 0-0: Foul Ball, location: 2F
0-1: Called Strike
0-2: Foul Ball, location: 2F
0-2: Ball
1-2: DOUBLE (Line Drive, 7LM, EV 87.5 MPH)
Batting: LHB Bill Bass 0-0: Ball
1-0: Ground out 4-3 (Groundball, 4, EV 107.5 MPH)
Hans Filemonsen to third
Batting: RHB Jim McDermott 0-0: Ball
1-0: Ball
2-0: Called Strike
2-1: Ball
3-1: Fly out, F2 (Popup, 3SF, EV 73.8 MPH)
Top of the 2nd over - 0 runs, 1 hit, 0 errors, 1 left on base; Ballard 0 - Canonniers de Quebec 0
BOTTOM OF THE 2ND
Canonniers de Quebec batting - Pitching for Ballard Beavers : RHP Tom Simon
Batting: LHB Juan Romero 0-0: Ball
1-0: Called Strike
1-1: Foul Ball, location: 2F
1-2: Foul Ball, location: 2F
1-2: Fly out, F8 (Line Drive, 8RM, EV 85.6 MPH)
Batting: RHB Arthur Hall 0-0: Called Strike
0-1: Swinging Strike
0-2: Ball
1-2: Ground out 5-3 (Groundball, 56, EV 103.1 MPH)
Batting: LHB Abdul-Alim Nadeem 0-0: Swinging Strike
0-1: Ball
1-1: Called Strike
1-2: Ball
2-2: Ball
3-2: Foul Ball, location: 2F
3-2: DOUBLE (Flyball, 78XD, EV 109.4 MPH)
Pinch Runner at 2nd Gael Kerwin:
Batting: RHB Juan Cortéz 0-0: Called Strike
0-1: SINGLE (Groundball, 6S, EV 90.6 MPH) (infield hit)
Gael Kerwin to third
Batting: RHB Rich Robinson 0-0: SINGLE (Groundball, 56D, EV 98.8 MPH)
Gael Kerwin scores
Juan Cortéz to second
Batting: RHB Manny Costello 0-0: Fly out, F7 (Flyball, 7LSF, EV 73.8 MPH)
Bottom of the 2nd over - 1 run, 3 hits, 0 errors, 2 left on base; Ballard 0 - Canonniers de Quebec 1
TOP OF THE 3RD
Ballard Beavers batting - Pitching for Canonniers de Quebec : LHP Edgar Morales
Now at C: Gael Kerwin
Batting: RHB Eli Johnson 0-0: Called Strike
0-1: Ground out 3-1 (Groundball, 34, EV 90.0 MPH)
Batting: LHB Desi Liñares 0-0: Ball
1-0: Ball
2-0: Foul Ball, location: 2F
2-1: SINGLE (Line Drive, 7S, EV 103.8 MPH)
Batting: RHB Sergio Estrada 0-0: Ball
1-0: Ball
2-0: DOUBLE (Flyball, 8RXD, EV 109.4 MPH)
Desi Liñares to third
Runner from 3rd tries for Home, throw by CF and OUT! 8-4-2
Sergio Estrada to third
Batting: RHB Suk-jin Yi 0-0: Called Strike
0-1: Foul Ball, location: 2F
0-2: SINGLE (Groundball, 4MD, EV 98.1 MPH)
Sergio Estrada scores
Batting: RHB Kevin Neal 0-0: Ball
1-0: SINGLE (Groundball, 6, EV 88.1 MPH) (infield hit)
Suk-jin Yi to second
Batting: RHB John Reed 0-0: Ball
1-0: Foul Ball, location: 2F
1-1: Fielders Choice at 2nd, 6-4 (Groundball, 6, EV 105.0 MPH)
Top of the 3rd over - 1 run, 4 hits, 0 errors, 2 left on base; Ballard 1 - Canonniers de Quebec 1
BOTTOM OF THE 3RD
Canonniers de Quebec batting - Pitching for Ballard Beavers : RHP Tom Simon
Batting: SHB Russ King 0-0: Ball
1-0: Ball
2-0: Ball
3-0: Called Strike
3-1: Called Strike
3-2: Reached on error, E6 (Groundball, 6, EV 105.0 MPH)
Batting: RHB Nick West 0-0: Ball
1-0: Called Strike
1-1: Called Strike
1-2: Ground out 6-3 (Groundball, 6, EV 106.2 MPH)
Batting: LHB Román Ramos 0-0: Ball
1-0: Ball
2-0: Called Strike
2-1: SINGLE (Groundball, 4MD, EV 105.6 MPH)
Russ King to third
Runner from 3rd tries for Home, SAFE, throw by CF to home
Batting: LHB Juan Romero 0-0: Fly out, F7 (Line Drive, 7, EV 91.9 MPH)
Batting: RHB Arthur Hall 0-0: Ball
1-0: Foul Ball, location: 2F
1-1: Ball
2-1: Fly out, F6 (Popup, 6D, EV 57.5 MPH)
Bottom of the 3rd over - 1 run, 1 hit, 1 error, 1 left on base; Ballard 1 - Canonniers de Quebec 2
TOP OF THE 4TH
Ballard Beavers batting - Pitching for Canonniers de Quebec : LHP Edgar Morales
Batting: LHB Hans Filemonsen 0-0: Ball
1-0: Fly out, F8 (Flyball, 8LM, EV 88.1 MPH)
Batting: LHB Bill Bass 0-0: Fly out, F7 (Line Drive, 7, EV 92.5 MPH)
Batting: RHB Jim McDermott 0-0: Fly out, F8 (Line Drive, 8LD, EV 92.5 MPH)
Top of the 4th over - 0 runs, 0 hits, 0 errors, 0 left on base; Ballard 1 - Canonniers de Quebec 2
BOTTOM OF THE 4TH
Canonniers de Quebec batting - Pitching for Ballard Beavers : RHP Tom Simon
Batting: RHB Gael Kerwin 0-0: Foul Ball, location: 2F
0-1: Ball
1-1: Foul Ball, location: 2F
1-2: SINGLE (Flyball, 9S, EV 85.6 MPH)
Batting: RHB Juan Cortéz 0-0: Foul Ball, location: 2F
0-1: Ball
1-1: Ball
2-1: Grounds into double play, 5-4-3 (Groundball, 56, EV 90.6 MPH)
Batting: RHB Rich Robinson 0-0: Swinging Strike
0-1: Ball
1-1: Ball
2-1: Ground out 6-3 (Groundball, 6, EV 105.6 MPH)
Bottom of the 4th over - 0 runs, 1 hit, 0 errors, 0 left on base; Ballard 1 - Canonniers de Quebec 2
TOP OF THE 5TH
Ballard Beavers batting - Pitching for Canonniers de Quebec : LHP Edgar Morales
Batting: RHB Eli Johnson 0-0: Called Strike
0-1: Foul Ball, location: 2F
0-2: Ground out 1-3 (Groundball, 15S, EV 72.5 MPH)
Batting: LHB Desi Liñares 0-0: Ball
1-0: DOUBLE (Line Drive, 89D, EV 106.9 MPH)
Batting: RHB Sergio Estrada 0-0: Ball
1-0: Foul Ball, location: 2F
1-1: SINGLE (Flyball, 89M, EV 91.2 MPH)
Desi Liñares to third
Batting: RHB Suk-jin Yi 0-0: Foul Ball, location: 2F
0-1: Foul Ball, location: 5F, Error on foul ball, E5
0-2: Foul Ball, location: 2F
0-2: Foul Ball, location: 2F
0-2: Hit by Pitch
Sergio Estrada to second
Batting: RHB Kevin Neal 0-0: Ball
1-0: Called Strike
1-1: Swinging Strike
1-2: Fly out, F6 (Popup, P, EV 85.6 MPH)
Batting: RHB John Reed 0-0: Called Strike
0-1: Ball
1-1: Called Strike
1-2: Ball
2-2: Fielders Choice at 2nd, 6-4 (Groundball, 6, EV 90.6 MPH)
Top of the 5th over - 0 runs, 2 hits, 1 error, 3 left on base; Ballard 1 - Canonniers de Quebec 2
BOTTOM OF THE 5TH
Canonniers de Quebec batting - Pitching for Ballard Beavers : RHP Tom Simon
Batting: RHB Manny Costello 0-0: Ball
1-0: Fly out, F9 (Flyball, 9S, EV 78.8 MPH)
Batting: SHB Russ King 0-0: Called Strike
0-1: Called Strike
0-2: Foul Ball, location: 2F
0-2: Ball
1-2: Foul Ball, location: 2F
1-2: Ball
2-2: Ground out 5-3 (Groundball, 56, EV 106.2 MPH)
Batting: RHB Nick West 0-0: Called Strike
0-1: Swinging Strike
0-2: Ball
1-2: Foul Ball, location: 2F
1-2: Ball
2-2: Strikes out swinging
Bottom of the 5th over - 0 runs, 0 hits, 0 errors, 0 left on base; Ballard 1 - Canonniers de Quebec 2
TOP OF THE 6TH
Ballard Beavers batting - Pitching for Canonniers de Quebec : LHP Edgar Morales
Batting: LHB Hans Filemonsen 0-0: Foul Ball, location: 2F
0-1: Ball
1-1: Foul Ball, location: 2F
1-2: Strikes out looking
Batting: LHB Bill Bass 0-0: Called Strike
0-1: Called Strike
0-2: Strikes out swinging
Batting: RHB Jim McDermott 0-0: Foul Ball, location: 2F
0-1: Bunt missed!
0-2: Ball
1-2: Foul Ball, location: 2F
1-2: Ball
2-2: Foul Ball, location: 2F
2-2: Ground out 6-3 (Groundball, 6, EV 103.8 MPH)
Top of the 6th over - 0 runs, 0 hits, 0 errors, 0 left on base; Ballard 1 - Canonniers de Quebec 2
BOTTOM OF THE 6TH
Canonniers de Quebec batting - Pitching for Ballard Beavers : RHP Tom Simon
Batting: LHB Román Ramos 0-0: Ball
1-0: Foul Ball, location: 2F
1-1: SINGLE (Groundball, 6MS, EV 93.1 MPH) (infield hit)
Pitching: RHP Ángel Hernández
Batting: LHB Juan Romero 0-0: Foul Ball, location: 2F
0-1: Ball
1-1: Foul Ball, location: 2F
1-2: Foul Ball, location: 2F
1-2: Foul Ball, location: 2F
1-2: Ball
2-2: Fly out, F9 (Flyball, 89M, EV 95.6 MPH)
Batting: RHB Arthur Hall 0-0: Called Strike
0-1: Ball
1-1: Ball
2-1: Called Strike
2-2: Foul Ball, location: 2F
2-2: Foul Ball, location: 2F
2-2: Ball
3-2: Foul Ball, location: 2F
3-2: Fly out, F7 (Flyball, 78M, EV 82.5 MPH)
Batting: RHB Gael Kerwin 0-0: Swinging Strike
0-1: Swinging Strike
0-2: Strikes out looking
Bottom of the 6th over - 0 runs, 1 hit, 0 errors, 1 left on base; Ballard 1 - Canonniers de Quebec 2
TOP OF THE 7TH
Ballard Beavers batting - Pitching for Canonniers de Quebec : LHP Edgar Morales
Pitching: RHP Miguel González
Batting: RHB Eli Johnson 0-0: Ball
1-0: Ball
2-0: Ball
3-0: Called Strike
3-1: Swinging Strike
3-2: Ground out 4-3 (Groundball, 34, EV 96.2 MPH)
Batting: LHB Desi Liñares 0-0: Ball
1-0: Ball
2-0: Foul Ball, location: 2F
2-1: Ball
3-1: Base on Balls
Batting: RHB Sergio Estrada 0-0: 2-RUN HOME RUN (Flyball, 7LD, EV 103.8 MPH), Distance : 359 ft
Batting: RHB Suk-jin Yi 0-0: Ball
1-0: Called Strike
1-1: Ground out 5-3 (Groundball, 5, EV 83.1 MPH)
Batting: RHB Kevin Neal 0-0: Ball
1-0: Foul Ball, location: 2F
1-1: Called Strike
1-2: SINGLE (Groundball, 56D, EV 98.1 MPH)
Batting: RHB John Reed 0-0: Ball
1-0: Fielders Choice at 2nd, 6-4 (Groundball, 6, EV 95.0 MPH)
Top of the 7th over - 2 runs, 2 hits, 0 errors, 1 left on base; Ballard 3 - Canonniers de Quebec 2
BOTTOM OF THE 7TH
Canonniers de Quebec batting - Pitching for Ballard Beavers : RHP Ángel Hernández
Now at SS: Quentin Meadmore
Batting: RHB Juan Cortéz 0-0: Ball
1-0: Called Strike
1-1: Swinging Strike
1-2: Ball
2-2: Strikes out swinging
Batting: RHB Rich Robinson 0-0: Called Strike
0-1: Ground out 6-3 (Groundball, 56, EV 90.6 MPH)
Batting: RHB Manny Costello 0-0: Called Strike
0-1: Ground out 6-3 (Groundball, 6, EV 79.4 MPH)
Bottom of the 7th over - 0 runs, 0 hits, 0 errors, 0 left on base; Ballard 3 - Canonniers de Quebec 2
TOP OF THE 8TH
Ballard Beavers batting - Pitching for Canonniers de Quebec : RHP Miguel González
Batting: LHB Hans Filemonsen 0-0: Ground out 4-3 (Groundball, 4, EV 103.8 MPH)
Batting: LHB Bill Bass 0-0: Foul Ball, location: 2F
0-1: Swinging Strike
0-2: Ball
1-2: Foul Ball, location: 2F
1-2: Foul Ball, location: 2F
1-2: Ball
2-2: Strikes out looking
Batting: RHB Jim McDermott 0-0: Called Strike
0-1: DOUBLE (Flyball, 8RXD, EV 105.6 MPH)
Batting: RHB Eli Johnson 0-0: Ball
1-0: SINGLE (Line Drive, 34D, EV 96.2 MPH)
Jim McDermott to third
Runner from 3rd tries for Home, SAFE, no throw by RF
Pitching: RHP Sam Martínez
Batting: RHB Quentin Meadmore 0-0: Reached on error, E6 (Groundball, 6, EV 86.2 MPH)
Eli Johnson to second
Batting: RHB Sergio Estrada 0-0: Foul Ball, location: 2F
0-1: Swinging Strike
0-2: Ball
1-2: Foul Ball, location: 2F
1-2: TRIPLE (Flyball, 8RXD, EV 101.2 MPH)
Eli Johnson scores
Quentin Meadmore scores
Batting: RHB Suk-jin Yi 0-0: Swinging Strike
0-1: Foul Ball, location: 2F
0-2: Foul Ball, location: 2F
0-2: Strikes out swinging, 2-3 out at first.
Top of the 8th over - 3 runs, 3 hits, 1 error, 1 left on base; Ballard 6 - Canonniers de Quebec 2
BOTTOM OF THE 8TH
Canonniers de Quebec batting - Pitching for Ballard Beavers : RHP Ángel Hernández
Batting: SHB Russ King 0-0: Ball
1-0: Called Strike
1-1: Foul Ball, location: 2F
1-2: Ball
2-2: Ball
3-2: Ground out 4-3 (Groundball, 34, EV 81.2 MPH)
Batting: RHB Nick West 0-0: Ball
1-0: Ball
2-0: Foul Ball, location: 2F
2-1: Foul Ball, location: 2F
2-2: Ball
3-2: Base on Balls
Pitching: LHP Bill Zimmerman
Batting: LHB Román Ramos 0-0: Ball
1-0: Ball
2-0: Foul Ball, location: 2F
2-1: Fly out, F5 (Popup, 15, EV 83.1 MPH)
Batting: LHB Juan Romero 0-0: SINGLE (Groundball, 4MD, EV 102.5 MPH)
Nick West to second
Batting: RHB Arthur Hall 0-0: Foul Ball, location: 2F
0-1: Called Strike
0-2: Strikes out swinging
Bottom of the 8th over - 0 runs, 1 hit, 0 errors, 2 left on base; Ballard 6 - Canonniers de Quebec 2
TOP OF THE 9TH
Ballard Beavers batting - Pitching for Canonniers de Quebec : RHP Sam Martínez
Batting: RHB Kevin Neal 0-0: Ball
1-0: SOLO HOME RUN (Flyball, 7D, EV 101.9 MPH), Distance : 375 ft
Batting: RHB John Reed 0-0: Foul Ball, location: 2F
0-1: Ball
1-1: Ball
2-1: Ball
3-1: DOUBLE (Flyball, 8LXD, EV 92.5 MPH)
Batting: LHB Hans Filemonsen 0-0: Ball
1-0: Called Strike
1-1: Swinging Strike
1-2: SINGLE (Groundball, 4MD, EV 95.0 MPH)
John Reed to third
Batting: LHB Bill Bass 0-0: Ball
1-0: Foul Ball, location: 2F
1-1: Ground out U3 (Groundball, 3, EV 83.8 MPH)
John Reed scores
Hans Filemonsen to second
Batting: RHB Jim McDermott 0-0: Ball
1-0: Called Strike
1-1: Ball
2-1: Foul Ball, location: 2F
2-2: Foul Ball, location: 2F
2-2: Ball
3-2: Strikes out swinging
Batting: RHB Eli Johnson 0-0: Ball
1-0: Ball
2-0: Foul Ball, location: 2F
2-1: Fly out, F6 (Line Drive, 6, EV 62.5 MPH)
Top of the 9th over - 2 runs, 3 hits, 0 errors, 1 left on base; Ballard 8 - Canonniers de Quebec 2
BOTTOM OF THE 9TH
Canonniers de Quebec batting - Pitching for Ballard Beavers : LHP Bill Zimmerman
Batting: RHB Gael Kerwin 0-0: Ball
1-0: Ball
2-0: Called Strike
2-1: Foul Ball, location: 2F
2-2: Strikes out swinging
Batting: RHB Juan Cortéz 0-0: Ball
1-0: Called Strike
1-1: Ball
2-1: Ball
3-1: Swinging Strike
3-2: Strikes out swinging
Batting: RHB Rich Robinson 0-0: Ball
1-0: Ball
2-0: Foul Ball, location: 2F
2-1: Swinging Strike
2-2: SOLO HOME RUN (Line Drive, 7D, EV 106.2 MPH), Distance : 383 ft
Batting: RHB Manny Costello 0-0: Called Strike
0-1: Ball
1-1: Called Strike
1-2: Strikes out looking
Bottom of the 9th over - 1 run, 1 hit, 0 errors, 0 left on base; Ballard 8 - Canonniers de Quebec 3
Tuesday, January 5th, 2021 - OOTP Baseball 20.8 Build 74